 Dungeon Crawl Stone Soup version 0.27.1-33-g824d729ab1 (webtiles) character file.

Game seed: 825033241855272264

235 lobsquizzle the Bolt Thrower (level 6, -1/37 HPs)
             Began as a Kobold Hunter on Dec 24, 2021.
             Slain by Edmund (2 damage)
             ... on level 4 of the Dungeon.
             The game lasted 00:32:36 (2202 turns).

lobsquizzle the Bolt Thrower (Kobold Hunter)        Turns: 2202, Time: 00:32:37

Health: -1/37      AC: 10    Str:  9    XL:     6   Next: 26%
Magic:  6/6        EV:  6    Int: 12    God:
Gold:   114        SH:  0    Dex: 18    Spells: 3/5 levels left

rFire    + + .     SeeInvis .   b - +0 short sword
rCold    + . .     Faith    .   (shield restricted)
rNeg     . . .     Spirit   .   r - +0 chain mail
rPois    +         Reflect  .   (no helmet)
rElec    +         Harm     .   (no cloak)
rCorr    +         Rampage  .   M - +1 pair of gloves
Will     .....                  (no boots)
Stlth    ..........             e - amulet of the acrobat
HPRegen  0.12/turn              (no ring)
MPRegen  0.10/turn              (no ring)

@: lethally poisoned (-1 -> -8), resistant
A: small, no large weapons, nightstalker 3, fire resistance 1, mutation
resistance 1, electricity resistance, wild magic 1
a: no special abilities


You were on level 4 of the Dungeon.
You visited 1 branch of the dungeon, and saw 4 of its levels.

You collected 114 gold pieces.

Inventory:

Hand Weapons
 a - a +1 hand crossbow
 b - a +0 short sword (weapon)
 i - a +0 dagger
 j - a +0 short sword
 k - a +0 hunting sling
 l - a +0 dagger
 p - a +0 club
 q - a +0 dagger
 t - a +0 dagger
 v - a +0 short sword
 w - a +0 short sword
 z - a +0 club
 A - a +0 short sword
 E - a +0 short sword
 G - a +0 short sword
 H - a +0 dagger
 I - a +0 whip
 J - a +0 short sword
Missiles
 o - 44 stones (quivered)
 s - 22 poisoned darts
 u - 30 arrows
 D - 7 curare-tipped darts
 L - 20 sling bullets
Armour
 c - a +0 leather armour
 f - a +0 robe
 h - a +0 robe
 m - a +0 ring mail
 n - a +0 leather armour
 r - a +0 chain mail (worn)
 y - a +0 robe
 B - a +0 scale mail
 F - a +0 leather armour
 M - a +1 pair of gloves (worn)
Jewellery
 e - an amulet of the acrobat (around neck)
Scrolls
 K - a scroll of silence {unknown}
Potions
 x - a potion of ambrosia {unknown}
 C - a potion of brilliance {unknown}


   Skills:
 + Level 3.1 Fighting
 * Level 0.1 Short Blades
 + Level 7.4 Crossbows
 + Level 1.7 Armour
 + Level 2.5 Dodging
 * Level 1.8 Stealth


You had 3 spell levels left.
You knew the following spells:

 Your Spells              Type           Power      Damage    Failure   Level
a - Static Discharge      Conj/Air       0%         N/A       100%        2

Your spell library contained the following spells:

 Spells                   Type           Power      Damage    Failure   Level
 Airstrike                Air            0%         N/A       100%        4
 Summon Lightning Spire   Summ/Air       0%         N/A       100%        4
 Lightning Bolt           Conj/Air       0%         1d11      100%        5
 Maxwell's Capacitive Co  Air            0%         ∞         100%        8


Dungeon Overview and Level Annotations

Branches:
Dungeon (4/15)
 Temple: D:4-7

Altars:
Zin

Annotations:
D:4 Edmund, Sigmund


Innate Abilities, Weirdness & Mutations

You are small and have problems with some larger weapons.
You are completely attuned to the shadows.
Your flesh is heat resistant. (rF+)
You are somewhat resistant to further mutation.
You are resistant to electric shocks. (rElec)
Your spells are a little harder to cast, but a little more powerful.


Message History

Fire: bolt
Press: ? - help, Q - select action, (/) - cycle Shift-Dir - straight line, f/p - Sigmund
Aim: Sigmund, wielding a +1 scythe of venom and wearing a +0 robe (lightly wounded, 66% to hit)
You shoot a bolt. The bolt hits Sigmund!
Sigmund is heavily wounded.
Sigmund gestures at you while chanting.
The puff of flame hits you but does no damage.
You resist.
You feel protected.
Edmund the Younger comes into view.
He is wielding a +3 flail of holy wrath.
Sigmund casts a spell.
Sigmund flickers and vanishes!
Deactivating autopickup; reactivate with Ctrl-A.
Edmund moves out of view.
You see here a bolt.
d - a bolt Something hits you.
Fire: bolt
Press: ? - help, Q - select action, (/) - cycle Shift-Dir - straight line, f - Edmund
Aim: Edmund, wielding a +3 flail of holy wrath and wearing a +0 scale mail (71% to hit)
You shoot a bolt.
The bolt hits Edmund but does no damage.
Something hits you. Edmund hits you but does no damage.
b - a +0 short sword (weapon)
You closely miss Edmund.
Edmund hits you with a +3 flail of holy wrath.
Something hits you.
You are poisoned.
You hit Edmund.
Edmund is lightly wounded.
* * * LOW HITPOINT WARNING * * *
You feel very sick. Edmund barely misses you. Something hits you!
* * * LOW HITPOINT WARNING * * *
You hit Edmund but do no damage.
Edmund is lightly wounded.
* * * LOW HITPOINT WARNING * * *
You feel sick.
Edmund hits you with a +3 flail of holy wrath.
You die...

#... ####.......(
##..........##
#...#####.....
#...#...#...###
###..#...#).....#
#.....#...#.....#
#.###.#####.@...#
#.# #........@..#
#.# ###.........#
#.# ........# #.#
>.......# #.#
.#.###### #.# ...
#.######.#.#
#.#........#
#.#.####.###


You could see Edmund.

Vanquished Creatures
  A necrophage (D:3)
  A scorpion (D:4)
  Terence (D:3)
  An ufetubus (D:4)
  3 worms (D:3)
  5 orcs
  7 ball pythons
  3 endoplasms
  2 giant cockroaches (D:1)
  3 goblins
  5 hobgoblins
  2 jackals (D:1)
  4 bats
  2 frilled lizards
  4 kobolds
  3 rats
47 creatures vanquished.

Notes
Turn   | Place    | Note
-------+----------+-------------------------------------------
     0 | D:1      | lobsquizzle the Kobold Hunter began the quest for the Orb.
     0 | D:1      | Reached XP level 1. HP: 12/12 MP: 1/1
   109 | D:1      | Reached skill level 5 in Crossbows
   195 | D:1      | Reached XP level 2. HP: 15/17 MP: 2/2
   305 | D:1      | Gained mutation: Your body sometimes deteriorates upon
                  | taking damage. [potion of mutation]
   305 | D:1      | Gained mutation: Your body often deteriorates upon taking
                  | damage. [potion of mutation]
   306 | D:1      | Lost mutation: Your body often deteriorates upon taking
                  | damage. [potion of mutation]
   306 | D:1      | Lost mutation: Your body sometimes deteriorates upon taking
                  | damage. [potion of mutation]
   306 | D:1      | Gained mutation: Potions are less effective at restoring
                  | your health. [potion of mutation]
   306 | D:1      | Gained mutation: You are dopey. (Int -2) [potion of
                  | mutation]
   306 | D:1      | Gained mutation: Your body sometimes deteriorates upon
                  | taking damage. [potion of mutation]
   836 | D:2      | Found a glowing silver altar of Zin.
   844 | D:2      | Reached XP level 3. HP: 21/21 MP: 3/3
   907 | D:2      | Learned a level 2 spell: Static Discharge
  1442 | D:3      | Lost mutation: Your body sometimes deteriorates upon taking
                  | damage. [potion of mutation]
  1442 | D:3      | Lost mutation: Potions are less effective at restoring your
                  | health. [potion of mutation]
  1442 | D:3      | Gained mutation: You are resistant to electric shocks.
                  | (rElec) [potion of mutation]
  1442 | D:3      | Gained mutation: Your movements are slightly less
                  | encumbered by armour. (ER -2) [potion of mutation]
  1442 | D:3      | Gained mutation: You are somewhat resistant to further
                  | mutation. [potion of mutation]
  1589 | D:3      | Noticed Terence
  1600 | D:3      | Killed Terence
  1601 | D:3      | Reached skill level 6 in Crossbows
  1601 | D:3      | Reached XP level 4. HP: 14/27 MP: 4/4
  1633 | D:3      | Lost mutation: You are dopey. (Int -2) [potion of mutation]
  1633 | D:3      | Lost mutation: Your movements are slightly less encumbered
                  | by armour. (ER -2) [potion of mutation]
  1633 | D:3      | Gained mutation: Your spells are a little harder to cast,
                  | but a little more powerful. [potion of mutation]
  1633 | D:3      | Gained mutation: Your flesh is heat resistant. (rF+)
                  | [potion of mutation]
  1965 | D:4      | Noticed a scorpion
  1970 | D:4      | Killed a scorpion
  1971 | D:4      | Reached skill level 1 in Armour
  1971 | D:4      | Reached XP level 5. HP: 15/31 MP: 5/5
  1975 | D:4      | Noticed a necrophage
  1985 | D:3      | HP: 1/29 [necrophage (1)]
  1998 | D:3      | Killed a necrophage
  1999 | D:3      | Reached skill level 7 in Crossbows
  1999 | D:3      | Reached XP level 6. HP: 10/37 MP: 6/6
  2189 | D:4      | Noticed Sigmund
  2193 | D:4      | Noticed Edmund
  2202 | D:4      | HP: 1/37 [poisoned by Sigmund]
  2202 | D:4      | Slain by Edmund

Illustrated notes

Levels and vault maps discovered:
D:1:      minmay_arrival_split_and_join, layout_rooms
D:2:      layout_loops_ring, basic_altar, ebering_ecumenical_altar_petrified,
          chequers_garden, serial_bayou_pond_e
D:3:      minmay_chambers_of_threes, layout_loops_ring, uniq_terence
D:4:      layout_loops_ring, slow_altar_2, nicolae_ru_sacrificial_ziggurat,
          mainiacjoe_overflow_paths, ebering_ghost_reflecting_pool,
          minmay_distorted, uniq_edmund, uniq_sigmund

Skill      XL: |  1  2  3  4  5 |
---------------+----------------+-----
Crossbows      | 5 6 7 |  7.4
Armour         | 1 |  1.7
Fighting       | 3 |  3.1
Short Blades   | |  0.1
Dodging        | |  2.5
Stealth        | |  1.8

Action                   |  1- 3 |  4- 6 || total
-------------------------+-------+-------++-------
Melee: Short sword       |    26 |     7 ||    33
       Hand crossbow     |     1 |       ||     1
 Fire: Hand crossbow     |    62 |    53 ||   115
  Use: Scroll            |     4 |       ||     4
       Potion            |     3 |     4 ||     7
Armor: Leather armour    |     9 |       ||     9
       Ring mail         |     4 |       ||     4
       Chain mail        |     4 |    19 ||    23
Dodge: Dodged            |    35 |    14 ||    49
